 Dungeon Crawl Stone Soup version 0.23-a0-338-g8ff0b24 (webtiles) character file.

8 Garbasso the Vexing (level 2, 28/28 HPs)
             Began as an Ogre Arcane Marksman on Oct 18, 2018.
             Quit the game on level 1 of the Dungeon.
             The game lasted 00:01:34 (532 turns).

Garbasso the Vexing (Ogre Arcane Marksman)           Turns: 532, Time: 00:01:35

Health: 28/28      AC:  3    Str: 13    XL:     2   Next: 8%
Magic:  4/4        EV: 10    Int: 14    God:
Gold:   24         SH:  0    Dex:  9    Spells: 2/3 levels left

rFire    . . .     SeeInvis .   e - +0 dagger
rCold    . . .     Gourm    .   (no shield)
rNeg     . . .     Faith    .   a - +0 robe
rPois    .         Spirit   .   (helmet restricted)
rElec    .         Reflect  .   (no cloak)
rCorr    .         Harm     .   (gloves unavailable)
MR       .....                  (boots unavailable)
Stlth    +.........             (no amulet)
HPRegen  0.09/turn              (no ring)
MPRegen  0.09/turn              (no ring)

@: no status effects
A: large, unfitting armour, tough skin 1
a: no special abilities


You were on level 1 of the Dungeon.
You were not hungry.

You visited 1 branch of the dungeon, and saw 1 of its levels.

You collected 24 gold pieces.

Inventory:

Hand Weapons
 e - a +0 dagger (weapon)
Missiles
 c - 3 large rocks (quivered) {=f}
 d - 2 throwing nets {=f}
Armour
 a - a +0 robe (worn)
Scrolls
 b - a scroll of blinking {unknown}
 h - a scroll of remove curse {unknown}
Comestibles
 f - 2 rations
 g - 5 chunks of flesh


   Skills:
 + Level 1.9 Fighting
 + Level 2.0 Throwing
 + Level 1.7 Dodging
 - Level 1.0 Unarmed Combat
 + Level 1.4 Spellcasting
 + Level 2.6 Hexes


You had 2 spell levels left.
You knew the following spells:

 Your Spells              Type           Power        Failure   Level  Hunger
a - Corona                Hex            #......      9%          1    ##.....

Your spell library contained the following spells:

 Spells                   Type           Power        Failure   Level  Hunger
 Slow                     Hex            #.......     13%         2    ###....
 Inner Flame              Hex/Fire       #.......     41%         3    ####...
 Portal Projectile        Hex/Tloc       #.....       41%         3    ####...
 Cause Fear               Hex            #.........   63%         4    #####..
 Leda's Liquefaction      Hex/Erth       #.........   82%         4    #####..


Dungeon Overview and Level Annotations

Branches:
Dungeon (1/15)

Altars:

Annotations:
D:1 yes


Innate Abilities, Weirdness & Mutations

You are too large for most types of armour.
You have tough skin. (AC +1)


Message History

The dart slug is heavily wounded.
The dart slug launches a dart at you. The slug dart misses you.
You hit the dart slug.
The dart slug is severely wounded.
The dart slug barely misses you.
You hit the dart slug.
The dart slug is almost dead.
You hit the dart slug but do no damage.
The dart slug is almost dead.
The dart slug barely misses you.
You hit the dart slug.
You kill the dart slug!
Your Unarmed Combat skill increases to level 1!
You have reached level 2!
You now have 24 gold pieces (gained 9).
h - a scroll labeled ILLALE OVYI New annotation for D:1 (include '!' for warning): yes Unknown command.
Are you sure you want to abandon this character and quit the game? (Confirm

.........÷..........
........#####.#####.
#######.##.........#
#.....##.........#
#.######.........# #.#
#....###### #.#
#....#### # #.#
#.......###
#@############....
#.....................
.........#######...#....
#.######.......'...#....
..######...#.... ..#
#...#....
..######÷..#....
..#........#....
#.######.#....


There were no monsters in sight!

Vanquished Creatures
  A dart slug (D:1)
  2 goblins (D:1)
  A bat (D:1)
  A frilled lizard (D:1)
  2 rats (D:1)
7 creatures vanquished.

Notes
Turn   | Place    | Note
-------+----------+-------------------------------------------
     0 | D:1      | Garbasso the Ogre Arcane Marksman began the quest for the
                  | Orb.
     0 | D:1      | Reached XP level 1. HP: 19/19 MP: 2/2
   519 | D:1      | Reached skill level 1 in Unarmed Combat
   519 | D:1      | Reached XP level 2. HP: 28/28 MP: 4/4
   532 | D:1      | Quit the game

Vault maps used:
D:1:      nzn_arrival_crosshair

Skill      XL: |  1 |
---------------+----+-----
Unarmed Combat | 1 |  1.0
Fighting       | |  1.9
Throwing       | |  2.0
Dodging        | |  1.7
Spellcasting   | |  1.4
Hexes          | |  2.6

Action                   || total
-------------------------++-------
Melee: Unarmed           ||    34
       Dagger            ||    11
Throw: Large rock        ||     2
Armor: Robe              ||    15
Dodge: Dodged            ||    25

Table legend:
 A = Non-vault XP
 B = Vault XP
 C = Vault XP percentage of total XP
 D = Non-vault monster count
 E = Vault monster count
 F = Vault count percentage of total count
                 A         B        C        D         E       F
            +---------+---------+-------+---------+---------+-------
      Total |      12 |       0 |   0.0 |       7 |       0 |   0.0
            +---------+---------+-------+---------+---------+-------
        D:1 |      12 |       0 |   0.0 |       7 |       0 |   0.0
            +---------+---------+-------+---------+---------+-------
